 Dungeon Crawl Stone Soup version 0.19-a0-1223-gf83d13a (webtiles) character file.

4332 inmateoo the Martial Artist (level 10, -1/77 HPs)
             Began as a Demonspawn Transmuter on Aug 24, 2016.
             Was a Priest of Okawaru.
             Slain by a yak (10 damage)
             ... on level 9 of the Dungeon.
             The game lasted 00:17:59 (10871 turns).

inmateoo the Martial Artist (DsTm)                 Turns: 10871, Time: 00:18:00

Health: -1/77      AC:  5    Str: 10    XL:     10   Next: 12%
Magic:  0/18       EV: 15    Int: 23    God:    Okawaru [***...]
Gold:   484        SH:  0    Dex: 15    Spells: 4 memorised, 10 levels left

rFire  . . .     SeeInvis .       - Unarmed
rCold  . . .     Gourm    .     b - +1 robe
rNeg   . . .     Faith    .     (no shield)
rPois  .         Spirit   +     (helmet restricted)
rElec  .         Dismiss  .     (no cloak)
rCorr  .         Reflect  .     (no gloves)
MR     .....     Harm     .     (boots currently unavailable)
Stlth  +.........               (no amulet)
                                n - +6 ring of intelligence
                                m - +2 ring of intelligence

@: appendage, very slightly contaminated
A: claws 1, horns 1, talons 3, rugged brown scales 2, blurry vision 1, clumsy 1,
powered by death 1, magic shield
a: End Transformation, Heroism, Renounce Religion


You were on level 9 of the Dungeon.
You worshipped Okawaru.
Okawaru was most pleased with you.
You were hungry.
You had grown temporary talons.
You visited 2 branches of the dungeon, and saw 10 of its levels.

You collected 484 gold pieces.

Inventory:

Hand Weapons
 G - the +9 hand axe "Spiderslayer" {chop, Dex+2}
   (You found it on level 8 of the Dungeon)

   It inflicts extra damage upon your enemies.
   It affects your dexterity (+2).
Missiles
 a - 198 arrows
 A - 3 large rocks
Armour
 b - a +1 robe (worn)
Magical Staves
 F - an uncursed staff of energy
Jewellery
 g - an uncursed ring of ice {unknown}
 m - a +2 ring of intelligence (left claw)
 n - a +6 ring of intelligence (right claw)
 H - a cursed ring of teleportation {unknown}
Wands
 l - a wand of iceblast (4/15)
 u - a wand of confusion (8/48)
 x - a wand of hasting (4/9)
Scrolls
 h - 3 scrolls of magic mapping
 i - a scroll of fog
 j - 2 scrolls of remove curse
 t - a scroll of teleportation
 y - a scroll of enchant armour
Potions
 e - 3 potions of lignification
 p - 2 potions of might
 q - a potion of invisibility
 v - a potion of flight
 w - 2 potions of curing
 z - a potion of berserk rage
 B - 4 potions of heal wounds
 C - a potion of resistance {unknown}
 I - a potion of brilliance
Books
 c - a book of Changes

   Spells                             Type                      Level
   a - Beastly Appendage              Transmutation                1
   b - Sticks to Snakes               Transmutation                2
   c - Spider Form                    Transmutation/Poison         3
   d - Ice Form                       Ice/Transmutation            4
   e - Blade Hands                    Transmutation                5
 r - a book of Unlife

   Spells                             Type                      Level
   a - Recall                         Summoning/Translocation      3
   b - Animate Dead                   Necromancy                   4
   c - Control Undead                 Necromancy                   4
   d - Cigotuvi's Embrace             Necromancy                   5
   e - Death Channel                  Necromancy                   6
   f - Simulacrum                     Ice/Necromancy               6
 s - a book of the Sky

   Spells                             Type                      Level
   a - Summon Lightning Spire         Summoning/Air                4
   b - Airstrike                      Air                          4
   c - Silence                        Hexes/Air                    5
   d - Deflect Missiles               Charms/Air                   6
   e - Conjure Ball Lightning         Conjuration/Air              6
   f - Tornado                        Air                          9
Comestibles
 d - 10 bread rations
 f - 6 meat rations
 k - 4 fruits
 o - a slice of pizza
 D - a royal jelly


   Skills:
 + Level 5.4 Fighting
 + Level 4.9 Dodging
 * Level 8.2 Unarmed Combat
 + Level 5.5 Spellcasting
 + Level 6.0 Transmutations
 + Level 4.2 Evocations


You had 10 spell levels left.
You knew the following spells:

 Your Spells              Type           Power        Failure   Level  Hunger
a - Beastly Appendage     Tmut           ####..       1%          1    None
b - Sticks to Snakes      Tmut           ####....     1%          2    None
c - Spider Form           Tmut/Pois      ###.......   10%         3    ##.....
d - Ice Form              Ice/Tmut       ###.....     30%         4    ####...


Dungeon Overview and Level Annotations

Branches:
Dungeon (9/15)             Temple (1/1) D:5
   Lair: D:8-11         Orc: D:9-12

Altars:
Ashenzari
Cheibriados
Dithmenos
Elyvilon
Fedhas
Gozag
Hepliaklqana
Makhleb
Nemelex Xobeh
Okawaru
Qazlal
Ru
Sif Muna
Trog
Vehumet
Yredelemnul
Zin
The Shining One


Innate Abilities, Weirdness & Mutations

You have a pair of small horns on your head.
You are mostly covered in rugged brown scales. (AC +2, +5% HP)
You regenerate a little health from kills.
When hurt, damage is shared between your health and your magic reserves.
You have sharp fingernails.
You have claws for feet.
Scrolls take you a little longer to read.
You are clumsy. (Dex -2)


Message History

The yak is moderately wounded.
The yak closely misses you.
You claw the yak! You claw the yak, but do no damage.
Your headbutt misses the yak.
The yak is heavily wounded.
The yak closely misses you.
You barely miss the yak. You claw the yak.
The yak is severely wounded.
The yak gores you!
You closely miss the yak. You claw the yak, but do no damage.
The yak is severely wounded.
The orc priest calls down the wrath of Beogh upon you.
Beogh smites you!
* * * LOW HITPOINT WARNING * * *
The yak gores you!
* * * LOW HITPOINT WARNING * * *
You claw the yak! You claw the yak, but do no damage.
The yak is almost dead.
The yak gores you!
You die...

#.# #.# #.#
#.# #.#
#.###
####...#####
#....#......
#.##.†.#####
# #@### #Y#


Yo# ..Y. ..### .#. ..#. #. # You could see 3 yaks and an orc priest.

Vanquished Creatures
  2 yaks (D:9)
  Grum (D:7)
  Eustachio (D:4)
  2 orc warriors
  2 ice beasts
  A sky beast (D:8)
  A black bear (D:7)
  7 ogres
  3 wolves
  2 centaurs
  A big kobold (D:8)
  10 giant frogs
  A water moccasin skeleton (D:5)
  A howler monkey (D:6)
  7 crimson imps
  A giant frog zombie (D:8)
  3 jellies
  2 orc priests
  4 giant frog skeletons
  6 hounds
  5 orc wizards
  Terence (D:3)
  3 iguanas
  4 worker ants
  A howler monkey zombie (D:7)
  11 adders
  8 gnolls (D:3)
  5 shadow imps
  2 oozes
  2 worms (D:3)
  A dart slug (D:1)
  3 giant geckos
  30 orcs
  2 ball pythons (D:3)
  6 bats
  2 giant cockroaches
  11 goblins
  10 hobgoblins
  16 jackals
  15 kobolds
  3 quokkas
  A ball python zombie (D:5)
  10 giant newts
  10 rats
220 creatures vanquished.

Vanquished Creatures (collateral kills)
  An adder (D:2)
  An orc (D:3)
  A kobold (D:2)
  A rat (D:2)
4 creatures vanquished.

Vanquished Creatures (others)
  An orc (D:7)
1 creature vanquished.

Grand Total: 225 creatures vanquished

Notes
Turn   | Place    | Note
-------+----------+-------------------------------------------
     0 | D:1      | inmateoo the Demonspawn Transmuter began the quest for the Orb.
     0 | D:1      | Reached XP level 1. HP: 15/15 MP: 3/3
   357 | D:1      | Reached skill level 3 in Unarmed Combat
   370 | D:1      | Gained mutation: You have a pair of small horns on your head. [demonic ancestry]
   370 | D:1      | Reached XP level 2. HP: 14/21 MP: 5/5
  1027 | D:1      | HP: 1/21 [hobgoblin (2)]
  1064 | D:1      | Reached XP level 3. HP: 4/26 MP: 4/6
  1096 | D:1      | Learned a level 2 spell: Sticks to Snakes
  1100 | D:1      | Learned a level 3 spell: Spider Form
  1803 | D:2      | Found an iron altar of Okawaru.
  2195 | D:2      | Reached XP level 4. HP: 11/32 MP: 1/7
  2583 | D:3      | Reached skill level 4 in Unarmed Combat
  2791 | D:3      | Noticed Terence
  3203 | D:3      | Gained mutation: Scrolls take you a little longer to read. [potion of mutation]
  3203 | D:3      | Gained mutation: You have sharp fingernails. [potion of mutation]
  3203 | D:3      | Gained mutation: You are clumsy. (Dex -2) [potion of mutation]
  3228 | D:3      | Gained mutation: When hurt, damage is shared between your health and your magic reserves. [demonic ancestry]
  3228 | D:3      | Reached XP level 5. HP: 32/37 MP: 5/8
  4010 | D:3      | Learned a level 4 spell: Ice Form
  4070 | D:3      | Killed Terence
  4070 | D:3      | Reached XP level 6. HP: 25/43 MP: 3/10
  4318 | D:3      | Found a faded altar of an unknown god.
  4775 | D:4      | Noticed Eustachio
  4799 | D:4      | Killed Eustachio
  4799 | D:4      | Reached skill level 5 in Unarmed Combat
  5294 | D:4      | Found a sacrificial altar of Ru.
  5572 | D:5      | Entered Level 5 of the Dungeon
  5611 | D:5      | Gained mutation: You are partially covered in rugged brown scales. (AC +1, +3% HP) [demonic ancestry]
  5611 | D:5      | Reached XP level 7. HP: 24/50 MP: 8/12
  5916 | D:5      | Found a white marble altar of Elyvilon.
  6176 | D:5      | Reached skill level 1 in Evocations
  6348 | D:5      | Found a staircase to the Ecumenical Temple.
  6362 | D:5      | Reached skill level 6 in Unarmed Combat
  6362 | D:5      | Reached XP level 8. HP: 40/58 MP: 6/13
  6390 | Temple   | Entered the Ecumenical Temple
  7252 | D:2      | Became a worshipper of Warmaster Okawaru
  7549 | D:6      | Reached skill level 5 in Transmutations
  7556 | D:6      | Found a glowing golden altar of the Shining One.
  7558 | D:6      | Noticed an angel
  7571 | D:6      | Found a basalt altar of Yredelemnul.
  7573 | D:6      | Noticed a profane servitor
  7808 | D:6      | Reached * piety under Okawaru
  8194 | D:7      | Gained mutation: You are mostly covered in rugged brown scales. (AC +2, +5% HP) [demonic ancestry]
  8194 | D:7      | Reached XP level 9. HP: 33/68 MP: 10/15
  8328 | D:7      | Reached skill level 7 in Unarmed Combat
  8830 | D:7      | Found a radiant altar of Vehumet.
  9290 | D:8      | Reached skill level 5 in Spellcasting
  9469 | D:8      | Reached ** piety under Okawaru
  9487 | D:8      | Found a stormy altar of Qazlal.
  9573 | D:8      | Noticed Grum
  9860 | D:7      | Killed Grum
  9865 | D:8      | Reached skill level 5 in Fighting
 10125 | D:8      | Found a shattered altar of Ashenzari.
 10147 | D:8      | Reached skill level 8 in Unarmed Combat
 10158 | D:8      | Got an ichor-stained hand axe
 10171 | D:8      | Found a snail-covered altar of Cheibriados.
 10189 | D:8      | Identified the +9 hand axe "Spiderslayer" {chop, Dex+2} (You found it on level 8 of the Dungeon)
 10793 | D:9      | Gained mutation: You regenerate a little health from kills. [demonic ancestry]
 10793 | D:9      | Reached XP level 10. HP: 76/77 MP: 14/18
 10843 | D:9      | Reached *** piety under Okawaru
 10871 | D:9      | Slain by a yak

Vault maps used:
D:1:      saegor_arrival_simple_d, serial_bayou_crossing
D:2:      okawaru_metal_pillars_3, first_bread
D:3:      ecumenical_altar_2, uniq_terence
D:4:      nicolae_ru_the_path_less_chosen, uniq_eustachio
D:5:      eino_tiny_chamber, elyvilon_altar_5
D:6:      grunt_temple_overflow_holy_war
D:7:      fiery_altar_vehumet
D:8:      cheibriados_altar_1, lemuel_coloured_pillars_altar,
          lemuel_doored_altar, uniq_grum
D:9:      nicolae_overflow_hidden_temple, lair_0_dummy,
          hangedman_little_slice_of_home, xom_redecorated
Temple:   eino_temple_lava

Skill      XL: |  1  2  3  4  5  6  7  8  9 10 |
---------------+-------------------------------+-----
Transmutations | 2 3 4 5 6 |  6.0
Unarmed Combat | 3 4 5 6 8 |  8.2
Spellcasting   | 3 4 5 |  5.5
Dodging        | 2 3 4 |  4.9
Fighting       | 2 4 5 |  5.4
Evocations     | 1 2 4 |  4.2

Action                   |  1- 3 |  4- 6 |  7- 9 | 10-12 || total
-------------------------+-------+-------+-------+-------++-------
Melee: Unarmed           |   126 |    87 |   423 |    47 ||   683
       Headbutt          |    12 |    26 |    46 |    10 ||    94
       Punch             |     3 |     2 |     8 |     1 ||    14
       Kick              |     8 |     6 |    10 |     9 ||    33
       Short sword       |       |   127 |    46 |       ||   173
       Hand axe          |       |       |     8 |       ||     8
Throw: Stone             |       |     3 |       |       ||     3
 Cast: Beastly Appendage |    12 |     2 |    10 |     1 ||    25
       Sticks to Snakes  |     6 |     6 |     4 |       ||    16
       Spider Form       |       |     6 |    10 |       ||    16
       Ice Form          |       |       |     5 |       ||     5
 Abil: End Transformatio |       |       |     1 |       ||     1
  Use: Potion            |     4 |     1 |     2 |       ||     7
       Scroll            |     8 |     9 |     1 |       ||    18
 Stab: Sleeping          |     1 |     2 |       |       ||     3
       Distracted        |     1 |       |       |     1 ||     2
  Eat: Chunk             |     4 |    13 |    19 |       ||    36
Armor: Robe              |    17 |    30 |    56 |     6 ||   109
       Skin              |       |     2 |    38 |       ||    40
Dodge: Dodged            |    68 |   137 |   313 |    20 ||   538
